[Event "Open NK Rapid 2025"]
[Site "Helmond, Netherlands"]
[Date "2025.05.03"]
[Round "2.3"]
[White "De Oude, Sybe"]
[Black "Warmerdam, Max"]
[Result "0-1"]
[TimeControl "15+5"]
[WhiteFideId "40110052"]
[BlackFideId "1048104"]
[WhiteElo "1914"]
[BlackElo "2517"]

1. e4 c5 2. Nc3 d6 3.
f4 g6 4. Nf3 Bg7 5. Bc4 Nc6 6.
d3 e6 7.
O-O Nge7 8. Qe1 O-O 9. Qh4 Nd4 10. Nxd4 cxd4 11. Ne2 d5 12. exd5 Nxd5 13. Qxd8 Rxd8 14. Bxd5 Rxd5 15. b3 b6 16.
Ba3 Bb7 17. Ng3 Rc8 18. Rf2 f5 19. Kf1 Kf7 20. Bb2 Rdc5 21. Rc1 Ba6 22. Rd2 Rd5 23. Ne2 h6 24. g3 g5 25. a4 Bf6 26.
Kf2 Rd7 27. Kf3 h5 28. Kf2 h4 29. gxh4 gxf4 30. h5 e5 31. Rg1 Rh8 32. c3 dxc3 33. Bxc3 Rxh5 34. Rh1 Bb7 35. Rg1 Rh4 36. h3 Rxh3 37. Ke1 Rh2 38.
Ng3 f3 39. Rdg2 0-1

[Event "Open NK Rapid 2025"]
[Site "Helmond, Netherlands"]
[Date "2025.05.03"]
[Round "2.4"]
[White "Peng, Li Min"]
[Black "Jara Segovia, Jesus Javier"]
[Result "1-0"]
[TimeControl "15+5"]
[WhiteFideId "14112620"]
[BlackFideId "3925439"]
[WhiteElo "2510"]
[BlackElo "1909"]

1. Nf3 Nf6 2. c4 d5 3. cxd5 Nxd5 4. e4 Nb6 5. d4 g6 6. Nc3 Bg7 7. Be3 Bg4 8. Qd2 Bxf3 9. gxf3 Nc6 10.
O-O-O a6 11. f4 Qd7 12. h4 O-O-O 13. d5 Na5 14. Bh3 f5 15. exf5 gxf5 16. Qc2 Rhf8 17. Rhg1 Bh8 18. Rg5 Kb8 19.
Bxf5 Qe8 20. Bxh7 Bf6 21. Rgg1 Qh5 22. Be4 Nac4 23. b3 Nd6 24. Bg6 Qh8 25. Ne4 Bg7 26. Nc5 Rg8 27. Ne6 Rc8 28. h5 Nb5 29. Nxg7 Qxg7 30.
a4 Nd6 31. Qb2 Qf8 32. Kb1 Rd8 33. Rg5 Ndc8 34. Be4 c6 35. Qe5+ Ka8 36. a5 Nxd5 37. Bxd5 cxd5 38. Rxd5 Rxd5 39. Qxd5 Rh8 40. Qd4 Rh6 41.
Rc5 Rc6 42. Rxc6 bxc6 43. Kb2 Qe8 44. h6 Qg8 1-0

[Event "Open NK Rapid 2025"]
[Site "Helmond, Netherlands"]
[Date "2025.05.03"]
[Round "2.5"]
[White "Veldhuyzen, Ywein"]
[Black "Beerdsen, Thomas"]
[Result "0-1"]
[TimeControl "15+5"]
[WhiteFideId "1095773"]
[BlackFideId "1030108"]
[WhiteElo "1894"]
[BlackElo "2485"]

1. d4 d5 2. Bf4 c5 3. c3 Nc6 4.
e3 cxd4 5. exd4 f6 6. Nf3 g5 7. Be3 Bg7 8. Bb5 Nh6 9. O-O Nf5 10. Re1 O-O 11. Bd3 Nxe3 12. Rxe3 e5 13. dxe5 fxe5 14.
Bc2 e4 15. Nd4 Nxd4 16. cxd4 Qf6 17. Re2 Bg4 18. Nc3 Bxe2 19. Qxe2 Qxd4 20. Rd1 Qc4 21. Qe3 Kh8 22. Bb3 d4 23.
Qxe4 Qc6 24. Nd5 Rae8 25. Qd3 Qe6 26. h3 Qe2 27. Bc2 Qxd3 28. Bxd3 Re6 29. Kf1 Rd8 30. Nb4 Rb6 0-1

[Event "Open NK Rapid 2025"]
[Site "Helmond, Netherlands"]
[Date "2025.05.03"]
[Round "2.6"]
[White "Dgebuadze, Alexandre"]
[Black "Overtoom, Reinier"]
[Result "1-0"]
[TimeControl "15+5"]
[WhiteFideId "203882"]
[BlackFideId "1047361"]
[WhiteElo "2454"]
[BlackElo "1892"]

1. e4 e5 2. Bc4 Nf6 3. d3 Bc5 4. Nc3 d6 5. h3 h6 6. Nge2 Nc6 7. a3 Be6 8. Ng3 Qd7 9. Nd5 Bxd5 10.
exd5 Ne7 11. Qf3 a6 12. O-O O-O 13. Bxh6 Nh7 14. Be3 Bxe3 15. Qxe3 f5 16. f4 Ng6 17. Nh5 Rae8 18. fxe5 Nxe5 19.
Qg3 g5 20. Nf4 Rf6 21. Rae1 Kh8 22. Ne6 Rg8 23. Rxe5 dxe5 24. Qxe5 Qd6 25. Rxf5 Qxe5 26. Rxe5 Nf8 27. Rxg5 Rxg5 28.
Nxg5 Nd7 29. Ne4 Rg6 30. d4 a5 31. Bd3 Rh6 32. Kf2 b6 33. c4 Kg7 34. Ng5 Rf6+ 35. Ke3 Nf8 36. h4 Rh6 37.
g3 Ng6 38. Ne6+ Kf6 39. Nxc7 1-0

[Event "Open NK Rapid 2025"]
[Site "Helmond, Netherlands"]
[Date "2025.05.03"]
[Round "2.7"]
[White "Van Ree, Thailo"]
[Black "Schneider, Ilja"]
[Result "0-1"]
[TimeControl "15+5"]
[WhiteFideId "40102181"]
[BlackFideId "4663306"]
[WhiteElo "1877"]
[BlackElo "2438"]

1. d4 Nf6 2. c4 e6 3. Nc3 Bb4 4. Qc2 d5 5. a3 Bxc3+ 6.
Qxc3 O-O 7. Nf3 dxc4 8. Qxc4 b6 9. h4 Ba6 10. Qa4 Qd7 11. Qxd7 Nbxd7 12. h5 h6 13. Bf4 c5 14. dxc5 Nxc5 15. b4 Nce4 16. Ne5 Rac8 17.
f3 Nc3 18. g4 Nfd5 19. Bd2 Na4 20. e4 Bxf1 21. Rxf1 Ne7 22. Rc1 Rxc1+ 23. Bxc1 Rc8 24. Bd2 f6 25. Nd3 Nc6 26. Nf4 Kf7 27. Ne2 Ne5 28. Nd4 Rd8 29.
Be3 Nb2 30. Ke2 Nbc4 31. a4 Nxe3 32. Kxe3 Rc8 33. Nb5 Nc4+ 34. Kd4 a6 35. Nc3 Ne5 36. Na2 Rc2 0-1

[Event "Open NK Rapid 2025"]
[Site "Helmond, Netherlands"]
[Date "2025.05.03"]
[Round "2.8"]
[White "Baselmans, Luuk"]
[Black "Jansen, Marijn"]
[Result "1-0"]
[TimeControl "15+5"]
[WhiteFideId "1051008"]
[BlackFideId "1089587"]
[WhiteElo "2405"]
[BlackElo "1880"]

1. e4 c6 2. d4 d5 3. exd5 cxd5 4. Bd3 Nc6 5. c3 Nf6 6. Bf4 Bg4 7. Qb3 Qc8 8. Nd2 e6 9. Ngf3 Be7 10.
O-O O-O 11. Rfe1 a5 12. a4 Re8 13. Ne5 Nxe5 14. Bxe5 Bh5 15. Rac1 Bg6 16. Bxg6 hxg6 17. c4 Qd7 18. c5 Rac8 19.
h3 Rc6 20. Qb5 Rcc8 21. Ra1 Bd8 22. Nb3 Ra8 23. Bxf6 Qxb5 24. axb5 gxf6 25. Ra4 e5 26. b6 Kf8 27. Rxa5 Rxa5 28.
Nxa5 exd4 29. Rxe8+ Kxe8 30. Nxb7 d3 31. Kf1 Be7 32. b4 Kd7 33. Ke1 Kc6 34. Na5+ Kb5 35. b7 1-0

[Event "Open NK Rapid 2025"]
[Site "Helmond, Netherlands"]
[Date "2025.05.03"]
[Round "2.9"]
[White "Messaoudi, Nino"]
[Black "Roebers, Eline"]
[Result "0-1"]
[TimeControl "15+5"]
[WhiteFideId "1099930"]
[BlackFideId "1058401"]
[WhiteElo "1875"]
[BlackElo "2390"]

1. d4 f5 2. Nc3 Nf6 3. Bg5 d5 4. Bxf6 exf6 5. e3 Be6 6.
Bd3 Qd7 7. Nge2 Nc6 8. a3 O-O-O 9.
Qd2 Kb8 10. O-O-O h5 11. Na4 Qe8 12. Nc5 Bc8 13. Bb5 a6 14. Ba4 b6 15. Nd3 Bd7 16. h4 g6 17. Kb1 Ne7 18. Bxd7 Rxd7 19.
Rc1 Nc8 20. c4 dxc4 21. Rxc4 Nd6 22.
Rc2 Ne4 23. Qc1 Rhh7 24. Nc3 Bh6 25. Qe1 a5 26. g3 Rhe7 27. Nxe4 Rxe4 28. Qc3 Bf8 29. Rhc1 Bd6 30. Qb3 Ka7 31.
Rc6 g5 32. hxg5 fxg5 33. Qb5 Rf7 34.
Nc5 Bxc5 35. dxc5 Qb8 36. cxb6+ cxb6 37. Rd1 Re5 38. Qc4 Ree7 39. Rdd6 Rc7 40. Qb5 Rxc6 41. Rxc6 Qd8 42. Qc4 Rd7 43. Rc8 Rd1+ 44. Ka2 Qd5 45. Qxd5 Rxd5 46. Rc2 Kb7 47. Kb3 f4 48. exf4 gxf4 49. gxf4 Rf5 50. Re2 Rxf4 51. Kc3 h4 52. Kd3 h3 53. Ke3 0-1

[Event "Open NK Rapid 2025"]
[Site "Helmond, Netherlands"]
[Date "2025.05.03"]
[Round "2.10"]
[White "Cernov, Vadim"]
[Black "Pol, Nico"]
[Result "1-0"]
[TimeControl "15+5"]
[WhiteFideId "1210629"]
[BlackFideId "1064002"]
[WhiteElo "2320"]
[BlackElo "1878"]

1. e4 d5 2. exd5 Qxd5 3. Nc3 Qa5 4. d4 e5 5. Nf3 Bg4 6.
Bb5+ c6 7. Be2 Bxf3 8. Bxf3 exd4 9. Qxd4 Nd7 10. O-O O-O-O 11. Bf4 Ndf6 12. Qc4 Ne7 13. Qxf7 Qf5 14. Bg3 Rd7 15. Qc4 h5 16.
Rad1 g5 17. Rxd7 Nxd7 18. Re1 Qc5 19. Qf7 Qf5 20. Rf1 1-0

[Event "Open NK Rapid 2025"]
[Site "Helmond, Netherlands"]
[Date "2025.05.03"]
[Round "2.11"]
[White "Cernov, Henrik"]
[Black "Zecha, Oscar"]
[Result "1-0"]
[TimeControl "15+5"]
[WhiteFideId "16258312"]
[BlackFideId "1073826"]
[WhiteElo "2291"]
[BlackElo "1873"]

1. e4 e5 2. Nf3 Nc6 3. Bb5 a6 4.
Bxc6 dxc6 5. Nc3 Qf6 6. d4 exd4 7. Bg5 Qg6 8. Qxd4 Be7 9. Bxe7 Nxe7 10. O-O-O O-O 11. h4 Bg4 12. Qe3 Bxf3 13.
gxf3 Qh6 14. Qxh6 gxh6 15. Rd7 Ng6 16. Rxc7 Rab8 17. Ne2 Rfc8 18. Rxc8+ Rxc8 19. h5 Ne5 20. f4 Nc4 21. Ng3 Rd8 22. b3 Nb6 23. Nf5 Nd7 24.
Rd1 Kf8 25. Nxh6 Ke8 26. e5 f6 27. Nf5 fxe5 28. fxe5 Nxe5 29. Re1 Kf7 30. Rxe5 Kf6 31. f4 Rg8 32. Ne3 Rg3 33. Kd2 Rf3 34.
Rf5+ Ke6 35. Rg5 Rxf4 36. Rg7 h6 37. Rh7 Ke5 38. Rxh6 Ke4 39. Nd1 Rh4 40. Nc3+ Kd4 41. Ne2+ Kc5 42. Rh7 b5 43. c3 Rh3 44.
Rh6 a5 45. a3 a4 46. bxa4 bxa4 47. Nd4 Rh2+ 48. Kd3 Ra2 49. Rxc6+ Kd5 50. Ra6 Rxa3 51. Ra5+ Kd6 52. Nb5+ Kd5 1-0

[Event "Open NK Rapid 2025"]
[Site "Helmond, Netherlands"]
[Date "2025.05.03"]
[Round "2.12"]
[White "Baars, Tije"]
[Black "Stolwijk, Colin"]
[Result "0-1"]
[TimeControl "15+5"]
[WhiteFideId "40102157"]
[BlackFideId "1033743"]
[WhiteElo "1870"]
[BlackElo "2286"]

1. d4 Nf6 2. Nc3 d5 3. e4 dxe4 4.
Bg5 g6 5. Bxf6 exf6 6. Nxe4 Bg7 7. Nf3 Bg4 8. Be2 f5 9. Nc5 b6 10. Nb3 O-O 11. O-O Nd7 12. h3 Bh5 13. c3 a5 14.
Qc2 a4 15. Nc1 c5 16. Rd1 cxd4 17. Nxd4 Bxe2 18. Ncxe2 Qc8 19. Nf3 Nc5 20. Rd6 Ne4 21. Rd3 a3 22. b3 Qc5 23. Nfd4 Rfd8 24.
b4 Qc4 25. f3 Nf6 26. Rad1 Re8 27. Nb3 h5 28. Nec1 Rac8 29. Ne2 Qxb4 30. Rd4 Qb5 31. c4 Qe5 32. Kf1 Qh2 33. Kf2 Bh6 34.
Ng3 Be3+ 0-1

[Event "Open NK Rapid 2025"]
[Site "Helmond, Netherlands"]
[Date "2025.05.03"]
[Round "2.13"]
[White "Kuipers-Haast, Anne"]
[Black "Winter, Sven"]
[Result "1-0"]
[TimeControl "15+5"]
[WhiteFideId "1017292"]
[BlackFideId "1092375"]
[WhiteElo "2272"]
[BlackElo "1869"]

1. e4 d6 2. d4 Nf6 3. Nc3 g6 4. Nf3 Bg7 5. h3 O-O 6. Be3 Nc6 7. Qd2 e5 8. O-O-O exd4 9. Nxd4 Re8 10.
f3 d5 11. Nxc6 bxc6 12. Bg5 Bb7 13. Qf4 h6 14. Bxh6 Nh5 15. Qd2 Ng3 16. Bxg7 Kxg7 17. Qd4+ Qf6 18. Rg1 dxe4 19. Qxf6+ Kxf6 20.
fxe4 Nxe4 21. Bc4 Nd6 22. Bb3 c5 23. Bd5 Rab8 24. Bxb7 Rxb7 25. Nd5+ Kg7 26. Nxc7 Rxc7 27. Rxd6 Re2 28.
Kd1 Rf2 29. Rd2 Rf4 30. c3 Rb7 31. Kc2 Ra4 32. a3 Ra5 33. Rd5 Rab5 34. b4 cxb4 35. Rxb5 Rxb5 36. axb4 a5 37. Kb3 axb4 38. cxb4 Rb8 39. Rc1 f5 40.
Rc6 Ra8 41. b5 Ra1 42. Rc2 Kf7 43. b6 Ra6 44. Rc6 Ra1 45. Kb2 Ra5 46. Rc3 Ra8 47. b7 Rb8 48. Rb3 Ke7 49. Kc3 Kd6 50.
Kd4 g5 51. Rb2 g4 52. hxg4 fxg4 53. Ke4 g3 54. Kf4 Rf8+ 55. Kxg3 Rg8+ 56. Kf4 Rb8 57. Kf5 Kc7 58. Ke6 Re8+ 59.
Kf7 Rd8 60. b8=Q+ 1-0

[Event "Open NK Rapid 2025"]
[Site "Helmond, Netherlands"]
[Date "2025.05.03"]
[Round "2.14"]
[White "Van Esch, Rob"]
[Black "Grochal, Joey"]
[Result "0-1"]
[TimeControl "15+5"]
[WhiteFideId "40119289"]
[BlackFideId "1019945"]
[WhiteElo "1860"]
[BlackElo "2261"]

1. e4 c5 2. Nf3 Nc6 3. b4 cxb4 4. d4 d5 5. exd5 Qxd5 6. c4 bxc3 7. Nxc3 Qa5 8. Rb1 Qxc3+ 9. Bd2 Qa3 10.
d5 e6 11. dxc6 bxc6 12. Qc2 Qd6 13. Bb4 c5 14. Bb5+ Bd7 15. Rd1 Bxb5 16. Rxd6 Bxd6 17. Qe4 Rb8 18. Bc3 Nf6 19. Bxf6 gxf6 20. Nd2 Ke7 21. f3 Rhc8 22.
Kf2 c4 23. Rc1 c3 24. Nb3 Rc4 25. Qe3 Rbc8 26. g3 R8c7 27. Kg2 Be5 28. f4 Bd6 0-1

[Event "Open NK Rapid 2025"]
[Site "Helmond, Netherlands"]
[Date "2025.05.03"]
[Round "2.15"]
[White "Hilwerda, Jonas"]
[Black "Koppenens, Oscar"]
[Result "1-0"]
[TimeControl "15+5"]
[WhiteFideId "1046713"]
[BlackFideId "1087940"]
[WhiteElo "2233"]
[BlackElo "1858"]

1. e4 c5 2. Nf3 Nc6 3. Nc3 g6 4. Bb5 Bg7 5. O-O e5 6. d3 Nge7 7. a3 O-O 8. Bc4 d6 9. h3 Kh8 10.
Nh2 f5 11. f4 exf4 12. Bxf4 Ne5 13. Ba2 N7c6 14. Nd5 Be6 15. c3 Qd7 16. Kh1 Rad8 17. Qd2 b5 18. a4 a6 19. axb5 axb5 20. Nb6 Qf7 21. Bxe6 Qxe6 22.
Bg5 Rb8 23. Nd5 c4 24. Nf4 Qe8 25. d4 Nf7 26. h4 Nxg5 27. hxg5 fxe4 28. Nd5 Qe6 29. Nf6 Bxf6 30. gxf6 d5 31.
Qg5 Rb7 32. Ng4 Rbf7 33. Ra6 h5 34. Qh6+ Rh7 35. Qxf8+ 1-0

[Event "Open NK Rapid 2025"]
[Site "Helmond, Netherlands"]
[Date "2025.05.03"]
[Round "2.16"]
[White "Ponomarev, Ivan"]
[Black "Grooten, Herman"]
[Result "0-1"]
[TimeControl "15+5"]
[WhiteFideId "34411003"]
[BlackFideId "1000330"]
[WhiteElo "1857"]
[BlackElo "2219"]

1. c4 c5 2. g3 g6 3. Bg2 Bg7 4. Nc3 Nc6 5. Rb1 e6 6. a3 a5 7. Nf3 d6 8. O-O Nge7 9. d3 O-O 10. Bd2 h6 11. Ne1 d5 12.
cxd5 exd5 13. Qc1 Kh7 14. Nc2 a4 15. b4 axb3 16. Rxb3 b6 17. Qb1 c4 18. Rxb6 cxd3 19. exd3 Bf5 20.
Nxd5 Bxd3 21. Nxe7 Nxe7 22. Bxa8 Bxf1 23. Kxf1 Qxa8 24. Kg1 Rd8 25. Be3 Qf3 26. Ne1 Rd1 27. Qb4 Nd5 28. Qa5 Bc3 0-1

[Event "Open NK Rapid 2025"]
[Site "Helmond, Netherlands"]
[Date "2025.05.03"]
[Round "2.17"]
[White "De Jong, Lode"]
[Black "Van Batenburg, Mees"]
[Result "0-1"]
[TimeControl "15+5"]
[WhiteFideId "40101860"]
[BlackFideId "1078259"]
[WhiteElo "1848"]
[BlackElo "2217"]

1. d4 e6 2. e4 d5 3.
Nc3 Bb4 4. e5 c5 5. a3 Bxc3+ 6. bxc3 Nc6 7. Qg4 g6 8. h4 h6 9. Nf3 Bd7 10. Bd3 Nge7 11. Qf4 Qa5 12. Bd2 c4 13. Be2 Qa4 14. Qf6 O-O-O 15. Ra2 Rh7 16.
h5 Ng8 17. Qh4 Rf8 18. g4 g5 19. Bxg5 hxg5 20. Nxg5 Rh8 21. f4 f6 22. Nf3 Qa5 23. Kd2 Be8 24. exf6 Nxf6 25. h6 Ne4+ 26. Kc1 Nxc3 27. Qe1 Nxa2+ 28. Kb2 Qxe1 29. Nxe1 Nxd4 30. Bd1 Rxf4 31. g5 Bg6 32.
Kxa2 Rf2 33. Kb1 Kd7 34. Bh5 Be4 35. Rg1 Ne2 36. Bxe2 Rxe2 37. Kc1 Rg8 38. Kd1 Rh2 39. Rg4 Bf5 40.
Rf4 Rxg5 0-1

[Event "Open NK Rapid 2025"]
[Site "Helmond, Netherlands"]
[Date "2025.05.03"]
[Round "2.18"]
[White "Smeets, Kobe"]
[Black "Duong, Ralf"]
[Result "1-0"]
[TimeControl "15+5"]
[WhiteFideId "1063910"]
[BlackFideId "40100197"]
[WhiteElo "2192"]
[BlackElo "1844"]

1. e4 e5 2. Nf3 Bc5 3. Bc4 Nf6 4.
d3 d6 5.
c3 Bg4 6. h3 Bh5 7. Nbd2 Nc6 8. g4 Bg6 9. Nf1 Na5 10. Bb5+ c6 11. Ba4 b5 12. Bc2 Bb6 13. Ng3 Qc7 14.
Bg5 d5 15. Bxf6 gxf6 16. Qe2 O-O-O 17. O-O-O Nb7 18. Kb1 Rhe8 19. h4 h6 20. h5 Bh7 21. Nd2 Qe7 22. f3 d4 23. cxd4 Bxd4 24.
Nb3 c5 25. Qd2 Rh8 26. Nxd4 cxd4 27. Bb3 Kb8 28. Rc1 Rd7 29. Rc6 Nd8 30. Rc2 Ne6 31. Qa5 Rb7 32. Bd5 Rb6 33. Rhc1 Qd6 34.
Rc6 Qd8 35. Qb4 Nf4 36. Rxb6+ Qxb6 37.
Rc6 Qb7 38. Qd6+ Ka8 39. Rc7 Nxd5 40. Rxb7 Kxb7 41. Qxd5+ 1-0

[Event "Open NK Rapid 2025"]
[Site "Helmond, Netherlands"]
[Date "2025.05.03"]
[Round "2.19"]
[White "Neuwald, Johannes"]
[Black "Van Roon, Sjoerd"]
[Result "0-1"]
[TimeControl "15+5"]
[WhiteFideId "34683240"]
[BlackFideId "1051075"]
[WhiteElo "1839"]
[BlackElo "2179"]

1. a3 e5 2. h3 d5 3. g3 Nf6 4. Bg2 Nc6 5. d3 Bd6 6. e3 Be6 7. Ne2 Qd7 8. b4 a6 9. Bb2 h5 10. Nd2 O-O-O 11. Nb3 Rhe8 12.
Rc1 Kb8 13. d4 Ne4 14. Nc5 Bxc5 15. dxc5 f5 16. f4 Qe7 17. h4 d4 18. exd4 Nxd4 19. Bxd4 exd4 20. Qd3 Nxg3 21. Qxg3 Bc4 22.
O-O Bxe2 23. Rfe1 Qe3+ 24. Qxe3 Rxe3 25. Kf2 Rde8 26. c6 b6 27. Bd5 Bg4 28. Bf7 R8e4 29. Rxe3 dxe3+ 30. Kg3 e2 31. Re1 Re3+ 32. Kf2 Rh3 33. Bc4 Rxh4 34. Bxa6 Rh2+ 35.
Kg1 Rh3 36. a4 Rc3 37. Bd3 Rxc6 38. Kf2 Re6 39. Bc4 Re4 40. Bxe2 Rxf4+ 41. Kg3 Re4 42. Kf2 Bxe2 43. Rxe2 Rxb4 44. Re5 g6 45. a5 bxa5 46.
Rxa5 Kb7 47. Re5 Rg4 48. Kf3 Kc6 49. Ra5 Kd6 50. Rb5 c5 51. Rb8 Ke5 52. Re8+ Kf6 53. Rc8 c4 54. Rc6+ Kg5 55. Rc5 h4 56. Rc8 c3 57. Kf2 Rg3 58. Rc4 f4 59. Rc6 h3 60. Rc8 Kg4 61. Rh8 g5 62. Kf1 Rg2 63. Ke1 Rxc2 64. Kf1 Kg3 65. Ke1 f3 66. Kd1 Rg2 67. Ke1 Rg1# 0-1

[Event "Open NK Rapid 2025"]
[Site "Helmond, Netherlands"]
[Date "2025.05.03"]
[Round "2.20"]
[White "Kazarjan, Gachatur"]
[Black "Sosef, Noah"]
[Result "1-0"]
[TimeControl "15+5"]
[WhiteFideId "1068750"]
[BlackFideId "40107060"]
[WhiteElo "2155"]
[BlackElo "1835"]

1. e4 c5 2. a3 d6 3. b4 cxb4 4.
axb4 Nf6 5. Nc3 Nc6 6. b5 Nd4 7. Bb2 Bd7 8. Nf3 Nxf3+ 9. Qxf3 e5 10. Bc4 Be7 11. O-O O-O 12. Rfe1 Be6 13.
Be2 h6 14. h3 Qc7 15. Red1 Rfd8 16. d4 Nh7 17. d5 Bd7 18. Na4 Rdc8 19. c4 a6 20. b6 Qd8 21. Qb3 Bxa4 22. Qxa4 Nf6 23.
Qc2 Nd7 24. Bc3 Nc5 25. Rdb1 Rcb8 26. Bd2 Bg5 27. Bb4 Be7 28. Bf3 Nd7 29. Bc3 Nc5 30. Ra5 Nd7 31. Ra3 Rc8 32. Be2 Nc5 33. Bg4 Rcb8 34. Qe2 g6 35.
Bd2 Kg7 36. h4 Bxh4 37. Ra5 Bg5 38. Bc3 h5 39. Bh3 Be7 40. Rxc5 dxc5 41. Bxe5+ f6 42. Bc7 Qe8 43. Bxb8 Qxb8 44.
g3 Bd6 45. Be6 Qd8 46. Kg2 Qe7 47. f4 Bb8 48. e5 fxe5 49. fxe5 Qg5 50. d6 Qd8 51. Qf3 Qf8 52. Qxb7+ 1-0

[Event "Open NK Rapid 2025"]
[Site "Helmond, Netherlands"]
[Date "2025.05.03"]
[Round "2.21"]
[White "Adavatkar, Rugved"]
[Black "Labruyere, Roger"]
[Result "0-1"]
[TimeControl "15+5"]
[WhiteFideId "1055011"]
[BlackFideId "1059505"]
[WhiteElo "1833"]
[BlackElo "2117"]

1. d4 Nf6 2. Bg5 g6 3.
Bxf6 exf6 4. e4 Bg7 5. Nd2 O-O 6. Ngf3 d6 7. Bd3 c6 8. c3 d5 9. O-O Be6 10. Qc2 Nd7 11. Rfe1 Rc8 12.
Nf1 c5 13. Qb1 Qb6 14. h3 dxe4 15. Bxe4 f5 16. d5 fxe4 17. dxe6 Qxe6 18. Qxe4 Qb6 19. Qc2 c4 20. Ne3 Qc6 21. a4 Rfe8 22. Rad1 a5 23. Nd4 Bxd4 24. Rxd4 Nb6 25. Red1 Qxa4 26. Qxa4 Nxa4 27. Nxc4 Rxc4 28. Rxc4 Nxb2 29. Rdd4 Nxc4 30.
Rxc4 Ra8 31. Ra4 b5 32. Ra3 a4 33. Kf1 Kg7 34. Ke2 Kf6 35. Kd3 Ke5 36. f3 Kd5 37. g3 Kc5 38. Ra1 a3 39. Kc2 a2 40. Kb3 Re8 41. Rxa2 Re3 42. Rf2 b4 43. Kb2 bxc3+ 44. Kc2 Kc4 45. g4 Re7 46. Rf1 Re2+ 47. Kc1 Ra2 48. Kb1 Kb3 49. Rc1 c2+ 0-1

[Event "Open NK Rapid 2025"]
[Site "Helmond, Netherlands"]
[Date "2025.05.03"]
[Round "2.22"]
[White "Margaryan, Artur"]
[Black "Aalberts, Jos"]
[Result "1-0"]
[TimeControl "15+5"]
[WhiteFideId "13304348"]
[BlackFideId "1093541"]
[WhiteElo "2100"]
[BlackElo "1831"]

1. d4 e6 2. c4 d5 3. Nc3 Nf6 4.
cxd5 exd5 5. Bg5 Be7 6. e3 O-O 7. Bd3 Nbd7 8. Qc2 c5 9. Nf3 c4 10. Bf5 h6 11. Bh4 g6 12. Bxg6 fxg6 13.
Qxg6+ Kh8 14. Qxh6+ Nh7 15. Bxe7 Qxe7 16. Nxd5 Qd8 17. O-O Ndf6 18. Nf4 Rf7 19. Ne5 Rg7 20. f3 Bd7 21. Rac1 Rc8 22.
Rf2 b5 23. Rd2 Qb6 24. Rdc2 Re8 25. Nxd7 Nxd7 26. Qxb6 axb6 27. e4 Nhf6 28. b3 Ne5 29. dxe5 Rxe5 30. bxc4 1-0

[Event "Open NK Rapid 2025"]
[Site "Helmond, Netherlands"]
[Date "2025.05.03"]
[Round "2.23"]
[White "Jansen, Kay"]
[Black "Kools, Thomas"]
[Result "0-1"]
[TimeControl "15+5"]
[BlackFideId "1054759"]
[WhiteElo "1828"]
[BlackElo "2094"]

1. e4 c5 2. Nf3 e6 3. b3 a6 4. g3 Nc6 5. Bg2 e5 6. Bb2 g6 7. Nxe5 Nxe5 8. Bxe5 Nf6 9. O-O Bg7 10.
Bxf6 Bxf6 11. Nc3 O-O 12. Rb1 Bxc3 13. dxc3 Qa5 14. Qd3 Rd8 15. a4 d6 16. Rfd1 Be6 17. f4 f6 18. f5 Bf7 19.
c4 Rab8 20. Bh3 b5 21. fxg6 hxg6 22. axb5 axb5 23. cxb5 Rxb5 24. Rf1 Kg7 25. Qf3 Rb7 26. Qxf6+ Kh7 27. Be6 Rf8 28. Qh4+ Kg7 29.
Qf6+ Kh7 30. Bxf7 Rfxf7 31. Qxd6 Rfd7 32. Qf4 Qc3 33. Qh4+ Kg7 34. Rfd1 Qe3+ 35. Kg2 Qe2+ 36. Kh3 Rxd1 37.
Rxd1 Qxd1 38. Qf4 Qd4 39. e5 Qxf4 40. gxf4 Rd7 41. Kg4 Rd2 42. h4 Rxc2 43. h5 gxh5+ 44. Kxh5 Rc3 45. Kg5 Rxb3 46.
e6 c4 47. f5 Rg3+ 48. Kf4 Rg1 49. Ke5 Re1+ 50. Kd4 Kf6 51. Kxc4 Kxf5 0-1

[Event "Open NK Rapid 2025"]
[Site "Helmond, Netherlands"]
[Date "2025.05.03"]
[Round "2.24"]
[White "Teianu, Sabin"]
[Black "Nies, Levi"]
[Result "0-1"]
[TimeControl "15+5"]
[WhiteFideId "1095846"]
[BlackFideId "1061275"]
[WhiteElo "2089"]
[BlackElo "1828"]

1. d4 d5 2. c4 e6 3. Nc3 Nf6 4. Nf3 Be7 5. Bf4 O-O 6. e3 b6 7. Bd3 Bb7 8. cxd5 Nxd5 9. Nxd5 Bxd5 10. Qc2 h6 11.
Bxc7 Qc8 12. a3 Nc6 13. Bg3 Na5 14. O-O Qb7 15. e4 Rac8 16. Qe2 Bc4 17. Ne5 Bxd3 18. Qxd3 Rfd8 19. b4 Nc6 20.
Nxc6 Qxc6 21. Bf4 Qc4 22. Rfd1 g5 23. Be3 Bf6 24. e5 Qxd3 25. Rxd3 Bxe5 26. Rad1 Bg7 27. d5 Rc3 28. Rxc3 Bxc3 29.
d6 Be5 30. d7 Kf8 31. h4 f6 32. hxg5 hxg5 33. a4 Ke7 34. a5 Bc7 35. axb6 Bxb6 36. Bc1 Rxd7 37. Rxd7+ Kxd7 38. Bb2 f5 39. Kf1 Kc6 40. Bf6 g4 41. f3 gxf3 42. gxf3 Kb5 43. Be7 Bd4 44. Ke2 Bc3 45. Bc5 a6 46.
Kd3 Bxb4 47. Bd4 a5 48.
Ba1 Bc5 49. Be5 a4 50. Kc3 Be7 51. Bg7 Kc5 52. Be5 Kd5 53.
f4 Bd6 0-1

[Event "Open NK Rapid 2025"]
[Site "Helmond, Netherlands"]
[Date "2025.05.03"]
[Round "2.25"]
[White "Ruzaykyn, Oleksandr"]
[Black "Uddin, Ahnaf Tajwar"]
[Result "0-1"]
[TimeControl "15+5"]
[WhiteFideId "1058134"]
[BlackFideId "1050842"]
[WhiteElo "1827"]
[BlackElo "2081"]

1. Nf3 b6 2. d4 Bb7 3. Bf4 e6 4. e3 f5 5. h3 Nf6 6. Bd3 Be7 7. c4 O-O 8. a3 Ne4 9. Qc2 d6 10.
Nc3 Nxc3 11. Qxc3 Nd7 12. b4 Bf6 13. Bh2 Qe7 14. Qb3 c5 15. bxc5 dxc5 16. Be2 cxd4 17. exd4 Bxf3 18. Bxf3 Bxd4 19.
Rd1 Nc5 20. Qa2 Bc3+ 21. Kf1 Rad8 22. Rc1 Rd2 23. Rc2 Rfd8 24. g4 Qd7 25. Bf4 Qd3+ 26. Kg2 Qxc2 27. Qxc2 Rxc2 28. gxf5 exf5 29.
Bd5+ Kf8 30. Bc7 Rd7 31. Bb8 Ne4 32. Rd1 Rxf2+ 33. Kg1 Rd2 34. Rf1 Bd4+ 35. Kh1 Ng3+ 36. Bxg3 g6 37. Be1 Rd3 38.
Kg2 Kg7 39. Rf4 Be5 40. Rf1 Rxa3 41. Bb4 Rb3 42. Be1 Re7 43. Bh4 Bf6 44. Bf2 Rb2 45. Kg1 Ree2 46. Bf3 Rxf2 0-1

[Event "Open NK Rapid 2025"]
[Site "Helmond, Netherlands"]
[Date "2025.05.03"]
[Round "3.1"]
[White "Margaryan, Aren"]
[Black "Fridman, Daniel"]
[Result "0-1"]
[TimeControl "15+5"]
[WhiteFideId "40105075"]
[BlackFideId "11600454"]
[WhiteElo "2054"]
[BlackElo "2539"]

1. e4 c6 2. Nf3 d5 3. Nc3 Bg4 4. Be2 e6 5. O-O Nf6 6. exd5 cxd5 7. d4 Nc6 8. h3 Bxf3 9. Bxf3 Bd6 10.
Re1 Bb4 11. Bg5 O-O 12. Qd3 h6 13. Bh4 Rc8 14. Be2 g5 15. Bg3 Ne4 16. Bf3 Nxg3 17. fxg3 Nxd4 18. Bh5 Nf5 19. g4 Ng7 20.
Re2 Bxc3 21. bxc3 Qb6+ 22. Kh1 Qb2 23. Rf1 Qxc3 24. Qd1 Rc4 25. Rf3 Qa5 26. Rf6 Nxh5 27. gxh5 Re4 28. Rxe4 dxe4 29.
Qd7 Qe5 30. Qe7 e3 31. Rf1 Qc3 32. Rxf7 Rxf7 33. Qe8+ Kg7 34. Qxe6 Rf1+ 35. Kh2 Qc7+ 0-1

[Event "Open NK Rapid 2025"]
[Site "Helmond, Netherlands"]
[Date "2025.05.03"]
[Round "3.2"]
[White "Warmerdam, Max"]
[Black "Ritzerveld, Noah"]
[Result "1-0"]
[TimeControl "15+5"]
[WhiteFideId "1048104"]
[BlackFideId "1085760"]
[WhiteElo "2517"]
[BlackElo "2053"]

1. Nf3 d5 2. g3 Nf6 3. Bg2 c6 4. c4 Bg4 5. h3 Bh5 6. d4 e6 7. Nc3 Be7 8. Qb3 Qb6 9. Ne5 Nbd7 10.
g4 Bg6 11. Nxg6 hxg6 12. e3 O-O-O 13. Bd2 Kb8 14. Rc1 Qxb3 15. axb3 g5 16. Ke2 Nf8 17. Rhd1 Ng6 18. Be1 Nh4 19.
Bf1 Bd6 20. f3 Ng6 21. Bf2 Bc7 22. Rc2 Rhe8 23. Bg2 e5 24. dxe5 Bxe5 25. Kf1 Bc7 26. cxd5 Nxd5 27. Nxd5 Rxd5 28.
Rxd5 cxd5 29. Rd2 Rd8 30. Ke2 Be5 31. Kd1 Kc7 32. Kc2 Kc6 33. b4 Bc7 34. Kb3 Bb6 35. Bf1 a6 36. Ka4 Kd6 37.
Bg3+ Ke6 38. Bf2 Bc7 39. b5 axb5+ 40. Kxb5 Ra8 41. Rc2 Be5 42. Kb6 Ra2 43. Kxb7 Rxb2+ 44. Rxb2 Bxb2 45. Kb6 Bc3 46. Kb5 Be5 47. Bd3 Nh4 48.
Be2 Ng6 49. Kc6 Bc3 50. Kc5 Be5 51.
Ba6 Bd6+ 52. Kd4 Be5+ 53. Kd3 Nh4 54. f4 Bf6 55. f5+ Kd6 56. Ke2 g6 57. Bd3 gxf5 58. gxf5 Be5 59. Be1 Ke7 60. Ba5 Bd6 61. Bc3 Bc7 62.
Bd4 Bd6 63. Kf2 Bc7 64. e4 dxe4 65. Bxe4 Bd6 66. Ke2 Bc7 67. Kd3 Bd6 68. Kc4 Kf8 69. Kd5 Ba3 70. Bf6 Be7 71. Ke5 Ke8 72. Bg7 Bd8 73. Bc6+ Ke7 74. f6# 1-0